 Seeded DCSS version 0.29.1-2-gbd0b4ee654 (webtiles) character file.

Game seed: 14047348325871317230 (custom seed)

2146 GigaChad the Shield-Bearer (level 9, -1/85 HPs)
             Began as a Troll Fighter on Nov 22, 2022.
             Was an Elder of Trog.
             Slain by a vampire (13 damage)
             ... on level 8 of the Dungeon on Nov 23, 2022.
             The game lasted 00:12:03 (4437 turns).

GigaChad the Shield-Bearer (Troll Fighter)          Turns: 4437, Time: 00:12:03

Health: -1/85      AC:  5    Str: 36    XL:     9   Next: 9%
Magic:  8/8        EV:  6    Int:  4    God:    Trog [****..]
Gold:   495        SH: 28    Dex: 15    Spells: 8/8 levels left

rFire   . . .      SeeInvis .     - Unarmed
rCold   . . .      Faith    .   f - +18 shield of the Gong {rElec rN+ Will+ EV-5}
rNeg    + . .      Spirit   .   a - +0 robe
rPois   .          Reflect  .   (helmet restricted)
rElec   +          Harm     .   H - +0 cloak
rCorr   .          Rampage  .   (gloves unavailable)
Will    +....                   (boots unavailable)
Stlth   +.........              (no amulet)
HPRegen 1.04/turn               e - +6 ring of strength
MPRegen 0.11/turn               k - +6 ring of dexterity

@: no status effects
A: large, unfitting armour, claws 3, regeneration 1, shaggy fur 1, tough skin 1
a: Renounce Religion, Berserk, Trog's Hand, Brothers in Arms


You were on level 8 of the Dungeon.
You worshipped Trog.
Trog was greatly pleased with you.
You visited 2 branches of the dungeon, and saw 8 of its levels.
You also visited: Ossuary.

You collected 495 gold pieces.

Inventory:

Hand Weapons
 u - a +0 great sword
 B - a +0 broad axe
 D - a +3 shortbow
 F - a +0 scimitar
Missiles
 A - a throwing net
 G - 5 javelins (quivered)
Armour
 a - a +0 robe (worn)
 b - a +0 kite shield
 f - the +18 shield of the Gong (worn) {rElec rN+ Will+ EV-5}
   (You acquired it on level 2 of the Dungeon)

   It is deafeningly noisy when blocking attacks.
   EV:        It affects your evasion (-5).
   rElec:     It insulates you from electricity.
   rN:        It protects you from negative energy.
   Will:      It increases your willpower.
 y - a +0 plate armour
 H - a +0 cloak (worn)
Jewellery
 e - a +6 ring of strength (left claw)
 h - a ring of poison resistance
 k - a +6 ring of dexterity (right claw)
 x - an amulet of reflection
 C - a ring of resist corrosion
Wands
 o - a wand of flame (10)
 s - a wand of acid (10)
Scrolls
 d - 4 scrolls of identify
 g - 4 scrolls of teleportation {unknown}
 i - 3 scrolls of fear {unknown}
 l - 5 scrolls of amnesia
 n - 3 scrolls of magic mapping {unknown}
 r - 2 scrolls of fog {unknown}
 t - a scroll of blinking {unknown}
 v - 3 scrolls of immolation
 w - a scroll of enchant armour {unknown}
Potions
 c - 3 potions of might
 j - 2 potions of attraction {unknown}
 m - 2 potions of haste {unknown}
 p - a potion of lignification {unknown}
 q - 5 potions of flight {unknown}
 z - a potion of magic {unknown}
 E - 2 potions of curing {unknown}
 I - 4 potions of mutation {unknown}
 J - 2 potions of brilliance {unknown}


   Skills:
 * Level 4.7 Fighting
 * Level 5.9 Dodging
 + Level 6.6 Shields
 + Level 6.1 Unarmed Combat


You had 8 spell levels left.
You didn't know any spells.
Your spell library was empty.

Dungeon Overview and Level Annotations

Branches:
Dungeon (8/15)             Temple (1/1) D:4         Ossuary (visited)
   Lair: D:8-11

Altars:
Ashenzari
Dithmenos
Elyvilon
Fedhas
Gozag
Kikubaaqudgha
Makhleb
Nemelex Xobeh
Okawaru
Qazlal
Ru
Trog
Vehumet
Wu Jian
Xom
Yredelemnul
Zin
The Shining One

Shops:
D:6 !

Annotations:
D:3 2 transporters, whiskeysaurus's ghost, amateur DECj


Innate Abilities, Weirdness & Mutations

You are too large for most types of armour.
You have claws for hands.
Your natural rate of healing is unusually fast.
You are covered in fur. (AC +1)
You have tough skin. (AC +1)


Message History

PTOANNNG!
You block the bullfrog's attack.
SHROANNG!
Something hits you! Something bites you.
Something draws strength from your injuries!
The bullfrog hits you! Something hits you! You block something's attack.
GONNNNG!
You barely miss something. You block the bullfrog's attack.
GONNNNG!
You block the bullfrog's attack.
BONNNG!
You block something's attack.
BONNNG!
Something bites you!
* * * LOW HITPOINT WARNING * * *
Something draws strength from your injuries!
You hear a shout!
You hear a howl!
You hear a croak.
You claw something! You block the bullfrog's attack.
BONNNG!
An orc warrior comes into view. It is wielding a +0 hand axe.
Something draws life force from you.
* * * LOW HITPOINT WARNING * * *
The bullfrog hits you but does no damage.
You hear an angry hiss.
You scratch something. You block the bullfrog's attack.
GONNNNG!
Something hits you but does no damage. Something bites you.
* * * LOW HITPOINT WARNING * * *
You hear a shout!
You claw something! You block the bullfrog's attack.
GONNNNG!
Something hits you but does no damage. Something bites you but does no damage.
You block the bullfrog's attack.
PTOANNNG!
You barely miss something. You block the bullfrog's attack.
GONNNNG!
The orc warrior hits you with a +0 hand axe.
* * * LOW HITPOINT WARNING * * *
Something hits you!
You die...

#... #..# #...
#..# .# #...###
#..# .###
#.....# #..#
.....
#...###..# ...#
#.$.##..#)...##
#.#$#...#.....#
#.#..o#...#
#..#.@#.###
##.#F{).##
#...#...#
##..##..#
#..##...#
#.....#...
##..#.####.c
#..#.# ..
.$.#.# #


You could see an orc warrior and a bullfrog.

Vanquished Creatures
  Prince Ribbit (D:6)
  Sigmund (D:2)
  Menkaure (D:5)
  2 water moccasins
  An orc warrior (D:4)
  An ogre (D:5)
  2 centaurs
  A phantom (D:5)
  A necrophage (D:5)
  A scorpion (D:5)
  2 howler monkeys (D:5)
  4 crimson imps (D:3)
  6 hounds
  A human zombie (Ossuary)
  3 orc priests
  4 iguanas
  2 orc wizards
  2 hound zombies (Ossuary)
  4 mummies (Ossuary)
  Robin (D:2)
  4 adders
  2 shadow imps
  3 adder zombies (Ossuary)
  A worm (D:2)
  2 dart slugs
  19 orcs
  6 bats
  5 endoplasms (D:1)
  A giant cockroach (D:1)
  15 goblins
  4 hobgoblins
  8 jackals (D:3)
  3 quokkas
  3 ball pythons
  2 frilled lizards (D:2)
  2 goblin zombies (Ossuary)
  A hobgoblin zombie (Ossuary)
  5 kobolds
  A kobold zombie (Ossuary)
  An orc zombie (Ossuary)
  2 rats (D:3)
  A rat zombie (Ossuary)
132 creatures vanquished.

Vanquished Creatures (others)
  7 plants
7 creatures vanquished.

Grand Total: 139 creatures vanquished

Notes
Turn   | Place    | Note
-------+----------+-------------------------------------------
     0 | D:1      | GigaChad the Troll Fighter began the quest for the Orb.
     0 | D:1      | Reached XP level 1. HP: 22/22 MP: 0/0
   173 | D:1      | Found a faded altar of an unknown god.
   205 | D:1      | Prayed at the altar of an unknown god.
   205 | D:1      | Became a worshipper of Trog the Wrathful
   205 | D:1      | Reached * piety under Trog
   212 | D:1      | Reached XP level 2. HP: 29/29 MP: 1/1
   785 | D:2      | Noticed Sigmund
   798 | D:2      | Killed Sigmund
   799 | D:2      | Reached XP level 3. HP: 4/37 MP: 2/2
   799 | D:2      | Reached XP level 4. HP: 5/45 MP: 3/3
   799 | D:2      | Reached XP level 5. HP: 5/53 MP: 4/4
   974 | D:2      | Identified a scroll of acquirement
   974 | D:2      | Acquired the +18 shield of the Gong {rElec rN+ Will+ EV-5}
   974 | D:2      | Found the +18 shield of the Gong {rElec rN+ Will+ EV-5}
  1025 | D:2      | Noticed Robin
  1057 | D:2      | Reached ** piety under Trog
  1061 | D:2      | Killed Robin
  1087 | D:2      | Found a shimmering altar of Xom.
  1487 | D:3      | Noticed whiskeysaurus's ghost (amateur DECj)
  1513 | D:3      | Identified the +8 halberd of Imminent Death {vamp, rPois
                  | rN+++ Str-5}
  1595 | D:3      | Found a glowing golden altar of the Shining One.
  1609 | D:3      | Reached XP level 6. HP: 61/61 MP: 5/5
  1777 | D:3      | Found a shimmering altar of Xom.
  1968 | D:3      | Identified the +12 dagger of the Neverending Curses {speed,
                  | *Noise rElec rN+++ MP+9}
  2111 | D:3      | Found a transporter.
  2111 | D:3      | Found a transporter.
  2444 | D:4      | Noticed an orc warrior
  2460 | D:4      | Killed an orc warrior
  2461 | D:4      | Reached XP level 7. HP: 46/67 MP: 6/6
  2483 | D:4      | Reached *** piety under Trog
  2577 | D:4      | Found a stormy altar of Qazlal.
  2624 | D:4      | Found a staircase to the Ecumenical Temple.
  2660 | Temple   | Entered the Ecumenical Temple
  2735 | D:4      | Found a broken altar of Ashenzari.
  2966 | D:5      | Entered Level 5 of the Dungeon
  3238 | D:5      | Noticed Menkaure
  3247 | D:5      | Killed Menkaure
  3248 | D:5      | Reached skill level 5 in Shields
  3279 | D:5      | Reached XP level 8. HP: 51/78 MP: 7/7
  3501 | D:5      | Reached skill level 5 in Unarmed Combat
  3532 | D:5      | Reached skill level 5 in Dodging
  3570 | D:5      | Found a white marble altar of Elyvilon.
  3979 | D:6      | Noticed Prince Ribbit
  4032 | D:6      | Killed Prince Ribbit
  4085 | D:6      | Found Biwnok's Distillery.
  4169 | D:6      | Found a sand-covered staircase.
  4179 | Ossuary  | Entered an ossuary
  4219 | Ossuary  | Reached XP level 9. HP: 85/85 MP: 8/8
  4380 | D:6      | You fall into a shaft and drop 2 floors!
  4408 | D:8      | Reached **** piety under Trog
  4437 | D:8      | Slain by a vampire

Illustrated notes

Levels and vault maps discovered:
D:1:      psy_arrival_fountain, layout_loops_cross,
          dreamdust_ecumenical_altar_statues, minmay_tromino_v7
D:2:      layout_rooms, basic_altar, bh_walls_and_bars, uniq_robin, uniq_sigmund
D:3:      layout_basic, led_xom_imps, mainiacjoe_overflow_24_doors,
          gammafunk_ghost_gnarly_gnolls, grunt_ministairs_11
D:4:      layout_basic, mainiacjoe_overflow_six_doors_small,
          cheibrodos_ashenzari_chains, minmay_temple_entry_trees
D:5:      minmay_opposing_rooms, layout_loops_ring, elyvilon_altar_3,
          nrook_mini_backslash, corexii_shack, corexii_hall_statues_x,
          dk_noncrumbling_4, feat_on_display, uniq_menkaure
D:6:      layout_loops_ring, nicolae_ossuary_entry_monument, serial_shops,
          nicolae_diamond_shop, nicolae_shop_trees, serial_glass,
          glass_columns_c, glass_columns_a, glass_columns_a, glass_columns_a,
          glass_columns_a, glass_columns_b, glass_columns_a, glass_columns_c,
          uniq_prince_ribbit1
D:8:      layout_rooms, marbit_many_paths, kennysheep_mini
Temple:   nicolae_temple_ecumenical_triangle

Skill      XL: |  1  2  3  4  5  6  7  8 |
---------------+-------------------------+-----
Shields        | 3 4 5 6 |  6.6
Fighting       | 3 4 |  4.7
Dodging        | 3 4 5 |  5.9
Unarmed Combat | 3 4 6 |  6.1

Action                   |  1- 3 |  4- 6 |  7- 9 || total
-------------------------+-------+-------+-------++-------
Melee: Unarmed           |    49 |   155 |   194 ||   398
Invok: Berserk           |       |       |     2 ||     2
  Use: Scroll            |     3 |     1 |     2 ||     6
Armor: Robe              |    46 |    22 |    25 ||    93
Dodge: Dodged            |    30 |    20 |    24 ||    74
Block: Kite shield       |    32 |   212 |   324 ||   568
